AoeStats
← Xquis

Arabia

510158461Analyzed
2v2 RM · 4d ago on Sep 29, 2026· 38m 24s· 4 players
Game mode
Random Map
Map size
Medium (4 player)
Population
200
Speed
Normal
Resources
Standard
Victory
Conquest
Starting age
Dark Age
Ending age
Imperial Age
RankedLock teamsTeams togetherTeam positionsShared explorationLock speedFull tech treeHidden civsTurbo modeCheats
Victory
Defeat
🇮🇹 Danes · Italy
981
+14
🇮🇹 Sicilians · Italy
905
+17
🇺🇾 Vietnamese · Uruguay
992
-17
🇺🇾 Saracens · Uruguay
885
-14
pylito
5:09 Loom
6:02 Loom
9:27 Feudal Age
10:16 Double-Bit Axe
12:13 Fletching
13:41 Horse Collar
18:45 Wheelbarrow
18:18 Gold Mining
22:42 Castle Age
21:41 Padded Archer Armor
23:08 Crossbowman
26:08 Hand Cart
26:42 Town Watch
27:46 Squires
28:01 Forging
29:47 Bow Saw
29:47 Scale Mail Armor
31:03 Elite Skirmisher
33:38 Pikeman
35:00 Heavy Plow
40:15 Imperial Age
Xquis
3:05 Loom
5:25 Loom
10:35 Feudal Age
14:18 Double-Bit Axe
17:46 Town Watch
21:08 Castle Age
20:19 Horse Collar
22:26 Crossbowman
22:59 Fletching
25:33 Murder Holes
25:48 Padded Archer Armor
26:26 Stone Mining
28:06 Murder Holes
29:17 Forging
30:36 Masonry
35:09 Ballistics
37:29 Iron Casting
aleturrini1988
6:44 Loom
9:41 Feudal Age
10:08 Double-Bit Axe
9:59 Man-at-Arms
21:45 Castle Age
21:51 Scale Barding Armor
21:37 Horse Collar
22:03 Gold Mining
22:44 Forging
23:03 Bloodlines
24:05 Bow Saw
24:32 Gold Shaft Mining
25:22 Husbandry
27:33 Wheelbarrow
28:38 Heavy Plow
33:37 Chain Barding Armor
35:00 Fletching
38:30 Imperial Age
enricodandoloparu
0:28 Loom
11:15 Feudal Age
13:45 Horse Collar
19:04 Padded Archer Armor
19:52 Fletching
25:38 Castle Age
25:17 Scale Barding Armor
25:11 Gold Mining
26:14 Bloodlines
26:09 Scale Mail Armor
26:45 Heavy Plow
26:26 Elite Skirmisher
28:23 Leather Archer Armor
28:35 Bodkin Arrow
28:38 Double-Bit Axe
29:48 Bow Saw
30:41 Chain Barding Armor
31:37 Coinage
34:59 Chain Mail Armor
34:55 Forging
37:31 Gold Shaft Mining
Connection lost

Rejoining the realm…

Still unreachable

The connection could not be restored.

Session expired

The server has moved on; the page needs a fresh start.